 Dungeon Crawl Stone Soup version 0.29-a0-243-g602b31c20e (webtiles) character file.

Game seed: 8402003780791509364

5 timneilson the Covered (level 1, -1/14 HPs)
             Began as a Gargoyle Fighter on Mar 4, 2022.
             Slain by a gnoll
             ... wielding a +0 club
              (3 damage)
             ... on level 1 of the Dungeon.
             The game lasted 00:00:50 (433 turns).

timneilson the Covered (Gargoyle Fighter)            Turns: 433, Time: 00:00:50

Health: -1/14      AC:  9    Str: 19    XL:     1   Next: 80%
Magic:  1/1        EV:  9    Int:  8    God:
Gold:   10         SH:  4    Dex:  9    Spells: 0/0 levels left

rFire   . . .      SeeInvis +   a - +0 long sword
rCold   . . .      Faith    .   c - +0 buckler
rNeg    + . .      Spirit   .   b - +0 scale mail
rPois   ∞          Reflect  .   (no helmet)
rElec   +          Harm     .   (no cloak)
rCorr   .          Rampage  .   (no gloves)
Will    .....                   (no boots)
Stlth   ..........              (no amulet)
HPRegen 0.04/turn               e - ring of see invisible
MPRegen 0.07/turn               (no ring)

@: no status effects
A: sickness immunity, AC +2, negative energy resistance 1, electricity
resistance, torment resistance 1, petrification resistance
a: no special abilities


You were on level 1 of the Dungeon.
You visited 1 branch of the dungeon, and saw 1 of its levels.

You collected 10 gold pieces.

Inventory:

Hand Weapons
 a - a +0 long sword (weapon)
Armour
 b - a +0 scale mail (worn)
 c - a +0 buckler (worn)
Jewellery
 e - a ring of see invisible (left hand)
Scrolls
 f - a scroll of torment {unknown}
Potions
 d - a potion of might


   Skills:
 + Level 3.3 Fighting
 * Level 1.9 Long Blades
 * Level 3.4 Armour
 + Level 0.1 Dodging
 * Level 3.4 Shields


You couldn't memorise any spells.
You didn't know any spells.
Your spell library was empty.

Dungeon Overview and Level Annotations

Branches:
Dungeon (1/15)

Altars:


Innate Abilities, Weirdness & Mutations

You are immune to sickness and miasma.
Your stone body is resilient. (AC +2)
You are immune to poison.
You resist negative energy. (rN+)
You are resistant to electric shocks. (rElec)
You are resistant to unholy torment.
You are immune to petrification.


Message History

You hit the kobold.
The kobold is severely wounded.
The kobold hits you but does no damage.
You barely miss the kobold.
The kobold is severely wounded.
The kobold hits you with a +0 whip.
You barely miss the kobold.
The kobold is severely wounded.
The kobold barely misses you. The kobold hits you with a +0 whip.
You hit the kobold.
You kill the kobold!
The goblin hits you with a +2 dagger of venom.
* * * LOW HITPOINT WARNING * * *
You barely miss the goblin. The goblin hits you but does no damage.
You hit the goblin.
The goblin is severely wounded.
The goblin hits you but does no damage.
A gnoll comes into view. It is wielding a +0 club.
You closely miss the goblin.
The goblin is severely wounded.
The goblin closely misses you. The goblin hits you but does no damage.
You closely miss the goblin.
The goblin is severely wounded.
The goblin hits you but does no damage.
You barely miss the goblin.
The goblin is severely wounded.
The goblin hits you with a +2 dagger of venom.
* * * LOW HITPOINT WARNING * * *
The goblin hits you with a +2 dagger of venom.
* * * LOW HITPOINT WARNING * * *
Unknown command.
A ball python comes into view.
The ball python hisses angrily.
There is an open door here.
There's a creature in the doorway!
You closely miss the goblin.
The goblin hits you but does no damage. x2
You hit the goblin.
You kill the goblin!
You closely miss the gnoll. The gnoll hits you with a +0 club.
You die...

#.######..# ##.♣.##
#.........####P#<#P#
#######.#....##P.P##
#.###.##P♣.♣P# #.#
#.##♣...♣# #S#
#..#.....# #g#
####.≈8≈.# #.#
#.≈≈≈.# #.# #@≈#≈.#
##g## #g###+#
##...## #S.#
#.....#####.#
#.....Sg....#
#.....#######
#....## #.#.## #.#.#


You could see a gnoll and a ball python.

Vanquished Creatures
  An endoplasm (D:1)
  A goblin (D:1)
  A hobgoblin (D:1)
  2 kobolds (D:1)
5 creatures vanquished.

Notes
Turn   | Place    | Note
-------+----------+-------------------------------------------
     0 | D:1      | timneilson the Gargoyle Fighter began the quest for the
                  | Orb.
     0 | D:1      | Reached XP level 1. HP: 14/14 MP: 1/1
   433 | D:1      | Slain by a gnoll

Illustrated notes

Levels and vault maps discovered:
D:1:      tarquinn_simple_flora_water_d, layout_loops_ring, minmay_tall_x

Action                   || total
-------------------------++-------
Melee: Long sword        ||    25
Armor: Scale mail        ||    13
Dodge: Dodged            ||     7
Block: Buckler           ||     2

Table legend: (Time is in decaauts)
 A = Elapsed time spent in this place.
 B = Non-inter-level travel time spent in this place.
 C = Inter-level travel time spent in this place.
 D = Time resting spent in this place.
 E = Time spent auto-exploring this place.
 F = Levels seen in this place.
 G = Mean time per level.
                   A        B        C        D        E       F      G
               +--------+--------+--------+--------+--------+-----+--------+
         Total |    440 |    440 |      0 |    309 |     44 |   1 |  440.0 |
       Dungeon |    440 |    440 |      0 |    309 |     44 |   1 |  440.0 |
               +--------+--------+--------+--------+--------+-----+--------+

Top non-repeatable levels by time:
     D:1: 440 daAuts
